 Dungeon Crawl Stone Soup version 0.29.1-12-g30fa7ad0bf (webtiles) character file.

Game seed: 5481777574461273644

56 ThatPearl the Trooper (level 3, 0/30 HPs)
             Began as a Demonspawn Berserker on Jan 11, 2023.
             Was a Believer of Trog.
             Slain by an orc priest
             ... wielding a +0 dagger
              (4 damage)
             ... on level 2 of the Dungeon.
             The game lasted 00:02:41 (1622 turns).

ThatPearl the Trooper (Demonspawn Berserker)        Turns: 1622, Time: 00:02:42

Health: 0/30       AC:  8    Str: 19    XL:     3   Next: 69%
Magic:  3/3        EV: 10    Int:  8    God:    Trog [**....]
Gold:   69         SH:  0    Dex: 12    Spells: 2/2 levels left

rFire   . . .      SeeInvis .   a - +0 hand axe
rCold   . . .      Faith    .   (no shield)
rNeg    . . .      Spirit   .   d - +0 scale mail
rPois   .          Reflect  .   i - +0 helmet
rElec   .          Harm     .   (no cloak)
rCorr   .          Rampage  .   (no gloves)
Will    .....                   (no boots)
Stlth   ..........              (no amulet)
HPRegen 0.10/turn               (no ring)
MPRegen 0.08/turn               (no ring)

@: confused
A: sharp scales 1
a: Renounce Religion, Berserk, Trog's Hand


You were on level 2 of the Dungeon.
You worshipped Trog.
Trog was pleased with you.
You visited 1 branch of the dungeon, and saw 2 of its levels.

You collected 69 gold pieces.

Inventory:

Hand Weapons
 a - a +0 hand axe (weapon)
Missiles
 b - 19 stones (quivered)
 e - 7 poisoned darts
Armour
 d - a +0 scale mail (worn)
 i - a +0 helmet (worn)
Jewellery
 m - an amulet of faith
Scrolls
 f - 2 scrolls of identify {unknown}
 g - a scroll of fear {unknown}
 l - a scroll of poison {unknown}
Potions
 c - 3 potions of curing {unknown}
 h - a potion of attraction {unknown}
 j - a potion of cancellation {unknown}
 k - 2 potions of resistance {unknown}


   Skills:
 * Level 3.7 Fighting
 * Level 3.4 Axes
 + Level 2.2 Armour
 - Level 1.7 Dodging


You had 2 spell levels left.
You didn't know any spells.
Your spell library was empty.

Dungeon Overview and Level Annotations

Branches:
Dungeon (2/15)

Altars:

Shops:
D:1 (


Innate Abilities, Weirdness & Mutations

You are partially covered in razor-sharp scales. (AC +1, Slay +1)


Message History

The kobold shouts!
The endoplasm quivers.
You hear a shout!
Something hits you but does no damage.
The kobold throws a stone.
The stone hits you but does no damage.
An orc comes into view. It is wielding a +0 flail.
The orc shouts!
The orc hits you with a +0 dagger. Something hits you.
The kobold throws a stone.
The stone hits you but does no damage.
You barely miss the orc priest. You barely miss the orc. You hit something.
The orc drinks a potion.
The orc seems to speed up.
Something hits you.
The orc priest hits you but does no damage.
The kobold throws a stone.
The stone barely misses you.
You completely miss the orc priest. You hit the endoplasm.
You completely miss something. You hit the orc but do no damage.
The orc closely misses you. The endoplasm freezes you.
You are frozen.
Something hits you but does no damage. The orc barely misses you.
You completely miss the orc. You hit the orc priest.
You hit the endoplasm but do no damage. You barely miss something.
You hit the orc. The orc hits you but does no damage.
The endoplasm barely misses you. Something hits you but does no damage.
The orc priest hits you but does no damage.
The orc barely misses you.
You completely miss the orc priest.
The orc priest is lightly wounded.
You barely miss something. You hit the orc but do no damage.
You hit the endoplasm.
You kill the endoplasm!
Trog accepts your kill.
You barely miss the orc. The orc hits you with a +0 dagger.
You hear some strange, mumbled words.
You are confused.
The orc priest hits you with a +0 dagger.
The orc hits you with a +0 flail!
* * * LOW HITPOINT WARNING * * *
The orc hits you but does no damage. x2
The orc priest hits you with a +0 dagger.
You die...

#.........########
##
#........#......?.
..
#........#.#######
##
#########.#######.#
....).....# #.#
########### #!# #.#
########J####..
......o@{.......
......Koo####...
...........
........#....
........###.##
........# ...
........# #.#
........# ..


You could see an orc priest, 2 orcs, an endoplasm and a kobold.

Vanquished Creatures
  2 adders (D:2)
  2 worms (D:2)
  A dart slug (D:1)
  5 ball pythons (D:1)
  3 bats
  3 endoplasms (D:2)
  4 goblins
  A hobgoblin (D:1)
  A quokka (D:1)
  3 frilled lizards (D:2)
  4 kobolds
  6 rats
35 creatures vanquished.

Vanquished Creatures (others)
  6 fungi (D:2)
  8 plants (D:2)
14 creatures vanquished.

Grand Total: 49 creatures vanquished

Notes
Turn   | Place    | Note
-------+----------+-------------------------------------------
     0 | D:1      | ThatPearl the Demonspawn Berserker began the quest for the
                  | Orb.
     0 | D:1      | Reached XP level 1. HP: 18/18 MP: 1/1
   286 | D:1      | Gained mutation: You are partially covered in razor-sharp
                  | scales. (AC +1, Slay +1) [demonic ancestry]
   286 | D:1      | Reached XP level 2. HP: 24/24 MP: 2/2
   468 | D:1      | Found Iwey's Weapon Boutique.
   987 | D:2      | Reached ** piety under Trog
   992 | D:2      | Reached XP level 3. HP: 25/29 MP: 3/3
  1622 | D:2      | Slain by an orc priest

Illustrated notes

Levels and vault maps discovered:
D:1:      minmay_arrival_cross, layout_basic, serial_shops,
          nicolae_shop_statue_plus
D:2:      layout_basic, shapermc_ecumenical_altar_mp_urbaneastern,
          minmay_indecisive_spiral, uniq_terence

Skill      XL: |  1  2 |
---------------+-------+-----
Axes           | 3 |  3.4
Armour         | 2 |  2.2
Fighting       | |  3.7
Dodging        | |  1.7

Action                   || total
-------------------------++-------
Melee: Hand axe          ||   123
       Punch             ||     2
Armor: Scale mail        ||    49
       Animal skin       ||     2
Dodge: Dodged            ||    59
